[Event "N� LL 2004/05"]
[Site "MyTown"]
[Date "2004.10.03"]
[Round "2"]
[White "Penz, Harald"]
[Black "Knoll, Hermann"]
[Result "1/2-1/2"]
[ECO "B22"]
[WhiteElo "2269"]
[BlackElo "2351"]
[Annotator "Mauerbach : P�chlarn"]
[PlyCount "96"]
[EventDate "2004.??.??"]
[TimeControl "240+2"]

{20MB, Fritz8.ctg, OEMComputer} 1. e4 e6 2. d4 c5 3. c3 d5 4. exd5 Qxd5 5. Nf3
Nf6 6. Na3 Qd8 7. Nc2 Nc6 8. Be2 cxd4 9. Nfxd4 Nxd4 10. Qxd4 Qxd4 11. Nxd4 Bd7
12. Bg5 Be7 13. O-O-O a6 14. Rhe1 O-O-O 15. Bf3 Nd5 16. Bxe7 Nxe7 17. Rd2 Kc7
18. Red1 Bc8 19. g3 e5 20. Nb3 Rxd2 21. Rxd2 b6 22. Na1 Be6 23. a3 Rd8 24. Rxd8
Kxd8 25. Nc2 f5 26. Nb4 a5 27. Nc6+ Nxc6 28. Bxc6 Kc7 29. Be8 g5 30. Kd2 Kd6
31. Kd3 Bd5 32. c4 Bg2 33. b4 axb4 34. axb4 f4 35. Ke2 e4 36. Ba4 Bf3+ 37. Ke1
Bh5 38. Bc2 Ke5 39. c5 bxc5 40. bxc5 Bg6 41. h4 gxh4 42. gxf4+ Kxf4 43. c6 Bf5
44. Kf1 h3 45. Kg1 h6 46. c7 Bc8 47. Kh2 Kf3 48. Bb1 Kf4 1/2-1/2

[Event "N� LL 2004/05"]
[Site "MyTown"]
[Date "2004.10.03"]
[Round "2"]
[White "Pernerstorfer, Johannes"]
[Black "Schorn, Christoph"]
[Result "0-1"]
[ECO "B90"]
[WhiteElo "2046"]
[BlackElo "2152"]
[Annotator "Mauerbach : P�chlarn"]
[PlyCount "70"]
[EventDate "2004.??.??"]
[TimeControl "240+2"]

{20MB, Fritz8.ctg, OEMComputer} 1. e4 c5 2. Nf3 d6 3. d4 cxd4 4. Nxd4 Nf6 5.
Nc3 a6 6. Be3 Ng4 7. Bc1 Nf6 8. Be3 Ng4 9. Bc4 Nxe3 10. fxe3 e6 11. O-O Nc6 12.
Nxc6 bxc6 13. Qf3 Ra7 14. Rad1 Qg5 15. Bb3 Qg6 16. e5 d5 17. Ne2 Bc5 18. Rd3
O-O 19. Rc3 Bb4 20. Rxc6 Bd7 21. Bxd5 Bxc6 22. Bxc6 Qxc2 23. Be4 Qxb2 24. Nd4
Bc5 25. Nc6 Rd7 26. h4 Qxa2 27. h5 h6 28. Qg3 Qd2 29. Rf3 a5 30. Kh2 a4 31.
Rxf7 Rdxf7 32. Qg6 Rf5 33. Qxe6+ Kh8 34. Bxf5 Qxe3 35. Bg6 Qg1+ 0-1

[Event "N� LL 2004/05"]
[Site "MyTown"]
[Date "2004.10.03"]
[Round "2"]
[White "Thoma, Wilhelm"]
[Black "Gattermayer, Robert"]
[Result "1/2-1/2"]
[ECO "A51"]
[WhiteElo "2126"]
[BlackElo "2061"]
[Annotator "Mauerbach : P�chlarn"]
[PlyCount "44"]
[EventDate "2004.??.??"]
[TimeControl "240+2"]

{20MB, Fritz8.ctg, OEMComputer} 1. d4 Nf6 2. c4 e5 3. dxe5 Ne4
4. Nd2 (4. a3 Nc6 5. Nf3 d6 6. Qc2 Bf5 7. Nc3 Ng3 8. e4 Nxh1 9. exf5 $13) 4...
Bb4 5. Ngf3 Nc6 6. Qc2 Nxd2 (6... d5 7. exd6 Bf5 8. dxc7 Qxc7 9. Qa4 O-O-O 10.
a3 Bxd2+ 11. Bxd2 Nxd2 12. Nxd2 Rxd2 13. Kxd2 Qe5 $19 {
Irgendwer - Kurt Richter 0:1}) 7. Bxd2 Qe7 8. Bc3 O-O 9. Rd1 Re8 10. Rd5 $6 (
10. e3 $142 Bxc3+ 11. Qxc3 Nxe5 12. Nxe5 Qxe5 $11) 10... Bxc3+ 11. Qxc3 Nb4 12.
Rb5 c5 13. a3 Nc6 14. e3 b6 15. Qd2 Bb7 16. Rb3 Rad8 17. Rd3 Nxe5 18. Nxe5 Qxe5
19. Rxd7 Rxd7 20. Qxd7 Re7 21. Qd8+ Re8 22. Qd7 Re7 1/2-1/2

[Event "N� LL 2004/05"]
[Site "MyTown"]
[Date "2004.10.03"]
[Round "2"]
[White "Strubreiter, Markus"]
[Black "Lukic, Igor"]
[Result "1-0"]
[ECO "B01"]
[WhiteElo "2029"]
[BlackElo "1808"]
[Annotator "Mauerbach : P�chlarn"]
[PlyCount "39"]
[EventDate "2004.??.??"]
[TimeControl "240+2"]

{20MB, Fritz8.ctg, OEMComputer} 1. e4 d5 2.
exd5 Nf6 3. Bb5+ Bd7 4. Bc4 c6 5. Nc3 cxd5 6. Nxd5 Bc6 7.
Nxf6+ gxf6 8. Qe2 Rg8 9. Qh5 e6 10. Ne2 Qd6 11. d3 Nd7 12. Bd2 Ne5 13. O-O-O
Rxg2 14. Bf4 Bf3 (14... Qc5 $1 15. Bxe5 Qxe5 16. Qxe5 fxe5 17. Nc3 Bh6+ 18. Kb1
{-+ 1.72}) 15. Bb5+ Ke7 16. Qh3 Rxf2 (16... Bxe2 17. Qxg2) 17. d4 Bxe2 18. dxe5
Qxd1+ 19. Rxd1 Bxd1 20. exf6+ 1-0

[Event "N� LL 2004/05"]
[Site "?"]
[Date "2004.10.17"]
[Round "3"]
[White "Weissenbeck, Manuel"]
[Black "Eibersberger, Manfred"]
[Result "1-0"]
[ECO "E65"]
[WhiteElo "2227"]
[BlackElo "2072"]
[Annotator "Baden : Mauerbach"]
[PlyCount "45"]
[EventDate "2004.09.20"]
[TimeControl "240+2"]

1. d4 Nf6 2. Nf3 g6 3. c4 c5 4. g3 cxd4 5. Nxd4 Bg7 6. Bg2 O-O 7. Nc3 Nc6 8.
O-O d6 9. Nxc6 bxc6 10. Bxc6 Rb8 11. Bg2 Qa5 12. Nb5 Be6 13. Bd2 Qa6 14. b3
Rbc8 15. a4 d5 16. cxd5 Nxd5 17. Rc1 Rxc1 18. Bxc1 Nc3 19. Nxc3 Bxc3 20. Ba3
Bf6 21. Bc5 Rc8 22. b4 Bc4 23. Qd7 1-0

[Event "N� LL 2004/05"]
[Site "MyTown"]
[Date "2004.10.17"]
[Round "3"]
[White "Sulyok, Michael"]
[Black "Penz, Harald"]
[Result "0-1"]
[ECO "D06"]
[WhiteElo "2161"]
[BlackElo "2269"]
[Annotator "Baden : Mauerbach"]
[PlyCount "42"]
[EventDate "2004.??.??"]
[TimeControl "240+2"]

1. Nf3 d5 2. d4 Nf6 3. c4 c5 4. cxd5 cxd4 5. Qxd4 Qxd5 6. Nc3
Qxd4 7. Nxd4 Bd7 8. Ndb5 Kd8 9. Be3 e6 10. Bxa7 Bxb5 11. Bb6+ Kd7 12. Nxb5 Kc6
13. Bd4 Kxb5 14. e4+ Kc6 15. Rc1+ Kd7 16. Bb5+ Nc6 17. O-O Nxe4 18. Rfd1 Nd6
19. Be3 Rxa2 20. Rd2 Kc7 21. Bf4 Ra5 0-1

[Event "N� LL 2004/05"]
[Site " "]
[Date "2004.10.17"]
[Round "3"]
[White "Bechmann, Gerhard"]
[Black "Filip, Daniel"]
[Result "1-0"]
[ECO "D46"]
[WhiteElo "2065"]
[BlackElo "1947"]
[Annotator "Baden : Mauerbach"]
[PlyCount "171"]
[EventDate "2004.??.??"]
[TimeControl "240+2"]

1. c4 e6 2. e3 d5 3. d4 Nf6 4. Nf3 c6 5. Nc3 Nbd7 6. Be2 Bd6 7. Qc2 O-O 8. O-O
dxc4 9. Bxc4 e5 10. dxe5 Nxe5 11. Nxe5 Bxe5 12. f4 Bc7 13. Bd2 Re8 14. Rae1 Bf5
15. Qxf5 Qxd2 16. Re2 Qd7 17. Qxd7 Nxd7 18. Kf2 Kf8 19. Kf3 f5 20. h3 Rad8 21.
g4 fxg4+ 22. hxg4 Nc5 23. a3 Re7 24. Rd1 Red7 25. Rxd7 Rxd7 26. b4 Nd3 27. Ne4
Ke7 28. Rd2 Ne1+ 29. Ke2 Rxd2+ 30. Kxd2 Ng2 31. Bf1 Nh4 32. Kd3 Ng6 33. Ng5 Nf8
34. Ke4 g6 35. Bc4 Bd6 36. Nf7 Bc7 37. g5 Ne6 38. Nh6 Nf8 39. Ng8+ Kd6 40. Nf6
Bd8 41. Ng4 Ne6 42. Ne5 Bc7 43. Ng4 Bd8 44. Ne5 Bc7 45. Bb3 Ke7 46. Nd3 Bd6 47.
a4 Nc7 48. Bg8 Kf8 49. Bc4 a6 50. Bb3 Kg7 51. Kd4 b6 52. e4 h5 53. gxh6+ Kxh6
54. Kc3 Kg7 55. e5 Be7 56. Kd2 Bf8 57. Ke3 Be7 58. Ke4 Bf8 59. f5 gxf5+ 60.
Kxf5 Be7 61. e6 Bd6 62. Ne5 Bxb4 63. Nxc6 Bc5 64. e7 a5 65. Bd1 b5 66. axb5
Bxe7 67. b6 Bd6 68. Nxa5 Na6 69. Nb3 Nb8 70. Ke6 Bg3 71. Bg4 Bh2 72. Nc5 Nc6
73. Kd7 Nb8+ 74. Kc8 Nc6 75. Bf3 Nb8 76. Ne6+ Kf6 77. Nc7 Ke7 78. Kxb8 Kd7 79.
Kb7 Kd8 80. Kc6 Bg3 81. Bg4 Bh2 82. Ne6+ Ke7 83. b7 Bb8 84. Nc5 Ke8 85. Nd7 Bh2
86. b8=B {Zeit!} 1-0

[Event "N� LL 2004/05"]
[Site "MyTown"]
[Date "2004.10.17"]
[Round "3"]
[White "Zojer, Thomas"]
[Black "Thoma, Wilhelm"]
[Result "1-0"]
[ECO "A84"]
[WhiteElo "1982"]
[BlackElo "2126"]
[Annotator "Baden : Mauerbach"]
[PlyCount "81"]
[EventDate "2004.??.??"]
[TimeControl "240+2"]

1. d4 d5 2. c4 e6 3. Nc3 f5 4. Nf3 Nf6 5. g3 c6 6. Bg2 Bd6 7. b3 O-O 8. O-O
Nbd7 9. Bf4 Bxf4 10. gxf4 Kh8 11. Qc2 Qe8 12. c5 Ne4 13. b4 Rg8 14. e3 Ndf6 15.
Nxe4 fxe4 16. Ne5 Bd7 17. f3 exf3 18. Rxf3 a5 19. Rb1 axb4 20. Rxb4 Bc8 21. Rf2
Nd7 22. Rb1 Nxe5 23. fxe5 Ra3 24. Rb3 Ra7 25. e4 Qg6 26. Rg3 Qh6 27. Rff3 g6
28. Rf7 Rg7 29. Rh3 Qg5 30. Qf2 h5 31. Rg3 Qc1+ 32. Bf1 b5 33. Rxa7 Rxa7 34.
Rxg6 Kh7 35. Rg3 Qa1 36. exd5 exd5 37. Qc2+ Kh8 38. Qf2 Kh7 39. e6 Bxe6 40. Qf6
Rf7 41. Qg6+ 1-0

[Event "N� LL 2004/05"]
[Site "MyTown"]
[Date "2004.10.31"]
[Round "4"]
[White "Weiss, Christian"]
[Black "Vyskocil, Neklan"]
[Result "1/2-1/2"]
[ECO "E05"]
[WhiteElo "2383"]
[BlackElo "2305"]
[Annotator "Zwettl : P�chlarn"]
[PlyCount "89"]
[EventDate "2004.??.??"]
[TimeControl "240+2"]

1. d4 Nf6 2. g3 d5 3. Nf3 e6 4. Bg2 Be7 5. O-O O-O 6. c4 dxc4 7. Qc2 a6 8. Qxc4
b5 9. Qc2 Bb7 10. Bf4 Bd6 11. Nbd2 Nbd7 12. Nb3 Qe7 13. Ne1 Bxg2 14. Nxg2 Nd5
15. Bd2 N5b6 16. Rac1 Nc4 17. Ne3 Nxd2 18. Qxd2 c5 19. dxc5 Nxc5 20. Nxc5 Bxc5
21. Ng2 Rfd8 22. Qc2 Rac8 23. e3 Qb7 24. Rfd1 Rxd1+ 25. Qxd1 Be7 26. Rxc8+ Qxc8
27. Nf4 Qc6 28. h4 h6 29. b3 a5 30. a4 bxa4 31. bxa4 Bd6 32. Ne2 Bb4 33. Nd4
Qd5 34. Qc2 g6 35. Nb3 h5 36. e4 Qd7 37. Nc1 Qd4 38. Ne2 Qd2 39. Qxd2 Bxd2 40.
Nd4 Kf8 41. Kf1 Ke7 42. Ke2 Bc3 43. Kd3 Be1 44. Ke2 Bc3 45. Kd3 1/2-1/2

[Event "N� LL 2004/05"]
[Site "MyTown"]
[Date "2004.10.31"]
[Round "4"]
[White "Holemar, David"]
[Black "Knoll, Hermann"]
[Result "0-1"]
[ECO "D10"]
[WhiteElo "2380"]
[BlackElo "2351"]
[Annotator "Zwettl : P�chlarn"]
[PlyCount "106"]
[EventDate "2004.??.??"]
[TimeControl "240+2"]

1. d4 d5 2. c4 c6 3. cxd5 cxd5 4. Nf3 g6 5. Bf4 Nc6 6. Nc3 Bg7 7. e3 a6 8. Ne5
f6 9. Nf3 Nh6 10. Be2 Nf7 11. Bg3 O-O 12. Qb3 e6 13. O-O b5 14. a4 b4 15. Na2
a5 16. Rfc1 Bb7 17. Rc5 Qd7 18. Nc1 Rfc8 19. Nd3 Bf8 20. Rcc1 Na7 21. Qd1 Rxc1
22. Rxc1 Rc8 23. Nc5 Bxc5 24. dxc5 e5 25. h4 Bc6 26. b3 h5 27. Qd2 Rd8 28. Rd1
Nc8 29. Ne1 Ne7 30. f3 Kg7 31. Bf2 Qc7 32. Qc2 Qb7 33. Qb2 Nf5 34. g4 hxg4 35.
fxg4 Ne7 36. Bg3 Qc8 37. Nd3 d4 38. exd4 Rxd4 39. Nf2 Rxd1+ 40. Nxd1 Bd7 41. g5
Qxc5+ 42. Bf2 Qd6 43. gxf6+ Qxf6 44. Ne3 Qf4 45. Nc4 Bh3 46. Qc2 Nf5 47. Qd3
Bg4 48. Nxa5 e4 49. Qd1 e3 50. Be1 Bxe2 51. Qxe2 Ne5 52. Nc4 Nf3+ 53. Kh1 Ng3+
0-1

[Event "N� LL 2004/05"]
[Site "MyTown"]
[Date "2004.10.31"]
[Round "4"]
[White "Steinm�ller, G�nther"]
[Black "D�ckstein, Andreas"]
[Result "1/2-1/2"]
[ECO "C65"]
[WhiteElo "2053"]
[BlackElo "2288"]
[Annotator "Zwettl : P�chlarn"]
[PlyCount "63"]
[EventDate "2004.??.??"]
[TimeControl "240+2"]

1. e4 e5 2. Nf3 Nc6 3. Bb5 Nf6 4. d3 Bc5 5. O-O Qe7 6. c3 O-O 7. a4 a6 8. Bc4
d6 9. b4 Ba7 10. Be3 Be6 11. Bxe6 fxe6 12. Nbd2 h6 13. Nc4 Bxe3 14. fxe3 b5 15.
Ncd2 Qd7 16. Qc2 Ne7 17. d4 Rfc8 18. dxe5 Ng4 19. Qd3 Ng6 20. exd6 cxd6 21.
axb5 axb5 22. Nd4 Rxa1 23. Rxa1 N6e5 24. Qxb5 Rxc3 25. Qxd7 Nxd7 26. Nxe6 Rxe3
27. h3 Ngf6 28. Kf2 Rd3 29. Ke2 Rg3 30. Kf2 Rd3 31. Ke2 Rg3 32. Kf2 1/2-1/2

[Event "N� LL 2004/05"]
[Site "MyTown"]
[Date "2004.10.31"]
[Round "4"]
[White "Zwettler, Martin"]
[Black "Pernerstorfer, Johannes"]
[Result "1-0"]
[ECO "A45"]
[WhiteElo "2183"]
[BlackElo "2046"]
[Annotator "Zwettl : P�chlarn"]
[PlyCount "101"]
[EventDate "2004.??.??"]
[TimeControl "240+2"]

1. d4 Nf6 2. Bg5 e6 3. e4 Be7 4. Nd2 h6 5. Bh4 d5 6. e5 Nfd7 7. Bxe7 Qxe7 8. c3
c5 9. Ngf3 Nc6 10. Bb5 cxd4 11. cxd4 Qb4 12. Qa4 Qxa4 13. Bxa4 f6 14. exf6 gxf6
15. O-O Nb4 16. Rfe1 Kf7 17. Re3 Nb6 18. Bd1 Bd7 19. a3 Nc6 20. Rc1 Rae8 21. b4
h5 22. Be2 Rc8 23. Rec3 Ne7 24. Nb3 Rxc3 25. Rxc3 Rc8 26. Rxc8 Bxc8 27. Nh4 e5
28. Bxh5+ Kg7 29. dxe5 fxe5 30. Be2 Kf6 31. Nf3 Nf5 32. Nfd2 Nd6 33. h4 Nbc4
34. Nxc4 dxc4 35. Nc1 Be6 36. g4 Nb5 37. Kg2 Nxa3 38. Kg3 Nc2 39. g5+ Kg7 40.
Na2 Nd4 41. Bg4 Bd5 (41... Nf5+) 42. Nc3 Bc6 43. f4 exf4+ 44. Kxf4 Nb5 45. Nxb5
Bxb5 46. h5 Be8 47. h6+ Kh7 48. Bf5+ Bg6 49. Bxg6+ Kxg6 50. b5 a5 51. bxa6 1-0